 Dungeon Sprint DCSS version bcrawl-1.27.5 (webtiles) character file.

Game seed: 13343001094843208438

397236 Freyura the Grappler (level 7, -15/79 HPs)
             Began as a Troll Fighter on Aug 20, 2020.
             Was a Believer of Makhleb.
             Demolished by a large slime creature (20 damage)
             ... in the Dungeon (Sprint IX: "|||||||||||||||||||||||||||||").
             The game lasted 00:02:55 (1857 turns).

Freyura the Grappler (Troll Fighter)                Turns: 1857, Time: 00:02:56

Health: -15/79     AC:  8    Str: 25    XL:     7   Next: 59%
Magic:  11/11      EV: 10    Int:  5    God:    Makhleb [**....]
Gold:   0          SH:  9    Dex: 14    Spells: 6/6 levels left

rFire    . . .     SeeInvis .     - Claws (33.5)
rCold    . . .     Gourm    +   a - +0 medium shield
rNeg     . . .     Faith    .   (armour unavailable)
rPois    .         Spirit   .   (helmet restricted)
rElec    .         Reflect  .   o - +0 cloak
rCorr    .         Harm     .   (gloves unavailable)
MR       .....     NoTele   +   (boots unavailable)
Stlth    +.........             (no amulet)
HPRegen  0.63/turn              p - +2 ring of evasion
MPRegen  0.12/turn              q - +3 ring of dexterity

@: no status effects
A: large, almost no armour, claws 3, fast metabolism 3, gourmand, regeneration
1, AC +7
a: Minor Destruction, Renounce Religion


You were in the Dungeon.
You worshipped Makhleb.
Makhleb was pleased with you.
You were not hungry.

You visited 1 branch

Inventory:

Armour
 a - a +0 medium shield (worn)
 o - a +0 cloak (worn)
Jewellery
 p - a +2 ring of evasion (left claw)
 q - a +3 ring of dexterity (right claw)
Wands
 m - a wand of iceblast (10)
Scrolls
 i - 2 scrolls of blinking
 k - 3 scrolls of remove curse
 l - 2 scrolls of amnesia
Potions
 b - a potion of might
 c - 3 potions of heal wounds
 d - 5 potions of curing
 f - a potion of haste
 g - 4 potions of magic
 h - a potion of berserk rage
 j - a potion of invisibility


   Skills:
 + Level 7.7 Fighting
 - Level 2.4 Dodging
 - Level 2.0 Shields
 * Level 12.1 Unarmed Combat
 + Level 7.6 Invocations


You had 6 spell levels left.
You didn't know any spells.
Your spell library was empty.

Dungeon Overview and Level Annotations

Branches:
Dungeon (1/1)

Altars:
Cheibriados
Dithmenos
Elyvilon
Fedhas
Gozag
Hepliaklqana
Kikubaaqudgha
Lugonu
Makhleb
Nemelex Xobeh
Okawaru
Qazlal
Ru
Sif Muna
Trog
Uskayaw
Vehumet
Wu Jian
Xom
Yredelemnul
Zin
The Shining One
Beogh
Jiyva


Innate Abilities, Weirdness & Mutations

You cannot wear most types of armour.
Your thick skin is tough. (AC +7)
You are too large for most types of armour.
You have claws for hands.
Your metabolism is lightning-fast.
You like to eat raw meat.
Your natural rate of healing is unusually fast.


Message History

You mangle the large slime creature!!
The large slime creature is lightly wounded.
You block the large slime creature's attack.
You scratch the large slime creature.
The large slime creature is lightly wounded.
You mangle the large slime creature!!
The large slime creature is moderately wounded.
The large slime creature hits you!!
You are too injured to fight recklessly!
You are too injured to fight recklessly!
You are too injured to fight recklessly!
You are too injured to fight recklessly!
You claw the large slime creature!
The large slime creature is moderately wounded.
The large slime creature hits you!!
* * * LOW HITPOINT WARNING * * *
You mangle the large slime creature!!
The large slime creature is severely wounded.
The large slime creature hits you!!
You die...

▓÷▓
▓.▓
▓.▓
▓.▓
▓.▓
▓.▓
▓.▓
▓'▓
▓@▓
▓J▓
▓h▓
▓K▓
▓R▓
▓.▓
▓+▓


You could see a large slime creature, an efreet, a big kobold and a howler
monkey.

Vanquished Creatures
  A slime creature (D)
  A hippogriff (D)
  2 yaks (D)
  A hungry ghost (D)
  A worker ant (D)
  An adder zombie (D)
  A worm (D)
  A dart slug (D)
  An orc (D)
  2 bats (D)
  2 bat skeletons (D)
  A bat zombie (D)
  A goblin (D)
  A jackal (D)
17 creatures vanquished.

Notes
Turn   | Place    | Note
-------+----------+-------------------------------------------
     0 | D        | Freyura the Troll Fighter began the quest for the Orb.
     0 | D        | Reached XP level 1. HP: 22/22 MP: 0/0
     9 | D        | Reached skill level 3 in Unarmed Combat
    17 | D        | Reached XP level 2. HP: 18/31 MP: 1/1
    26 | D        | Reached skill level 4 in Unarmed Combat
  1663 | D        | Reached skill level 5 in Unarmed Combat
  1663 | D        | Reached XP level 3. HP: 34/39 MP: 2/2
  1707 | D        | Found a roughly hewn altar of Beogh.
  1707 | D        | Found a snail-covered altar of Cheibriados.
  1707 | D        | Found a shadowy altar of Dithmenos.
  1707 | D        | Found a white marble altar of Elyvilon.
  1707 | D        | Found a blossoming altar of Fedhas.
  1707 | D        | Found an opulent altar of Gozag.
  1708 | D        | Found a hazy altar of Hepliaklqana.
  1709 | D        | Found a viscous altar of Jiyva.
  1710 | D        | Found an ancient bone altar of Kikubaaqudgha.
  1711 | D        | Found a corrupted altar of Lugonu.
  1712 | D        | Found a burning altar of Makhleb.
  1713 | D        | Found a sparkling altar of Nemelex Xobeh.
  1714 | D        | Found an iron altar of Okawaru.
  1715 | D        | Found a stormy altar of Qazlal.
  1716 | D        | Found a sacrificial altar of Ru.
  1717 | D        | Found a shimmering blue altar of Sif Muna.
  1718 | D        | Found a bloodstained altar of Trog.
  1719 | D        | Found a hide-covered altar of Uskayaw.
  1720 | D        | Became a worshipper of Makhleb the Destroyer
  1721 | D        | Found a radiant altar of Vehumet.
  1722 | D        | Found an ornate altar of the Wu Jian Council.
  1723 | D        | Found a shimmering altar of Xom.
  1724 | D        | Found a basalt altar of Yredelemnul.
  1725 | D        | Found a glowing silver altar of Zin.
  1726 | D        | Found a glowing golden altar of the Shining One.
  1735 | D        | Found the +8 mithril axe "Arga" {speed, MR+}
  1760 | D        | Noticed a hungry ghost
  1760 | D        | Noticed a yak
  1760 | D        | Noticed a hippogriff
  1760 | D        | Noticed a yak
  1783 | D        | Killed a hungry ghost
  1783 | D        | Reached skill level 5 in Fighting
  1783 | D        | Reached skill level 8 in Unarmed Combat
  1783 | D        | Gained mutation: Your natural rate of healing is unusually
                  | fast. [Troll growth]
  1783 | D        | Reached XP level 4. HP: 42/50 MP: 2/5
  1783 | D        | Reached XP level 5. HP: 48/57 MP: 2/6
  1788 | D        | Killed a yak
  1788 | D        | Reached skill level 9 in Unarmed Combat
  1788 | D        | Reached skill level 5 in Invocations
  1788 | D        | Reached XP level 6. HP: 53/67 MP: 2/9
  1792 | D        | Killed a hippogriff
  1792 | D        | Reached * piety under Makhleb
  1792 | D        | Reached skill level 10 in Unarmed Combat
  1797 | D        | Killed a yak
  1797 | D        | Reached skill level 11 in Unarmed Combat
  1797 | D        | Reached XP level 7. HP: 55/78 MP: 3/11
  1800 | D        | Reached ** piety under Makhleb
  1842 | D        | Noticed a slime creature
  1842 | D        | Noticed a slime creature
  1842 | D        | Noticed a slime creature
  1842 | D        | Noticed an efreet
  1851 | D        | Killed a slime creature
  1851 | D        | Reached skill level 12 in Unarmed Combat
  1857 | D        | Demolished by a large slime creature

Skill      XL: |  1  2  3  4  5  6  7 |
---------------+----------------------+-----
Unarmed Combat | 3 5 8 9 11 12 | 12.1
Fighting       | 3 5 6 7 |  7.7
Invocations    | 3 5 7 |  7.6
Dodging        | |  2.4
Shields        | |  2.0

Action                   |  1- 3 |  4- 6 |  7- 9 || total
-------------------------+-------+-------+-------++-------
Melee: Unarmed           |    74 |    14 |    16 ||   104
 Stab: Sleeping          |       |       |     1 ||     1
  Eat: Chunk             |    11 |       |     3 ||    14
       Ration            |     2 |       |       ||     2
Armor: Skin              |    37 |     3 |     2 ||    42
Dodge: Dodged            |    21 |     4 |     4 ||    29
Block: Medium shield     |    28 |     5 |     3 ||    36
